 Dungeon Crawl Stone Soup version 0.26-a0-812-g31a745ddcd (webtiles) character file.

Game seed: 18299345919937898742

4 Apogee the Firebug (level 1, -1/10 HPs)
             Began as a Tengu Fire Elementalist on Dec 2, 2020.
             Slain by a gnoll
             ... wielding a +0 spear
              (10 damage)
             ... on level 1 of the Dungeon.
             The game lasted 00:00:36 (304 turns).

Apogee the Firebug (Tengu Fire Elementalist)         Turns: 304, Time: 00:00:37

Health: -1/10      AC:  2    Str:  8    XL:     1   Next: 70%
Magic:  2/4        EV: 12    Int: 15    God:
Gold:   0          SH:  0    Dex: 14    Spells: 3/4 levels left

rFire    . . .     SeeInvis .   (no weapon)
rCold    . . .     Faith    .   (no shield)
rNeg     . . .     Spirit   .   a - +0 robe
rPois    .         Reflect  .   (helmet restricted)
rElec    .         Harm     .   (no cloak)
rCorr    .         Rampage  .   (no gloves)
MR       .....                  (boots unavailable)
Stlth    ++........             (no amulet)
HPRegen  0.03/turn              (no ring)
MPRegen  0.09/turn              (no ring)

@: no status effects
A: beak, talons 3
a: no special abilities


You were on level 1 of the Dungeon.
You visited 1 branch of the dungeon, and saw 1 of its levels.

Inventory:

Armour
 a - a +0 robe (worn)
Potions
 b - a potion of cancellation {unknown}
 c - a potion of curing {unknown}
 d - a potion of ambrosia {unknown}


   Skills:
 - Level 2.1 Dodging
 - Level 2.0 Stealth
 + Level 2.1 Spellcasting
 + Level 1.7 Conjurations
 + Level 3.4 Fire Magic


You had 3 spell levels left.
You knew the following spells:

 Your Spells              Type           Power        Failure   Level
a - Foxfire               Conj/Fire      #...         8%          1

Your spell library contained the following spells:

 Spells                   Type           Power        Failure   Level
 Conjure Flame            Conj/Fire      #.......     22%         3
 Inner Flame              Hex/Fire       #.......     32%         3
 Sticky Flame             Conj/Fire      #.......     58%         4
 Fireball                 Conj/Fire      #.........   91%         5


Dungeon Overview and Level Annotations

Branches:
Dungeon (1/15)

Altars:


Innate Abilities, Weirdness & Mutations

You have a beak for a mouth.
You have claws for feet.


Message History

Options error: Bad channel -- pray (~/.crawlrc:4440) Options error: Bad channel -- food (~/.crawlrc:4443) Welcome, Apogee the Tengu Fire Elementalist.
The bosom of this dungeon contains the transcendent artefact, the Orb of Zot.
Found a fizzy purple potion, 17 stones and an amethyst potion.
Found a staircase leading out of the dungeon.
Okay, then.
b - an amethyst potion
c - a fizzy purple potion You open the gate.
There is an open gate here.
An ooze comes into view.
An ooze is nearby!
You conjure some foxfire!
You conjure some foxfire!
Nothing appears to happen.
The foxfire hits the ooze. x2
You conjure some foxfire!
The ooze hits you.
You hit the ooze but do no damage.
The foxfire hits the ooze.
The ooze hits you.
* * * LOW HITPOINT WARNING * * *
The ooze closely misses you.
You miscast Foxfire.
You are very lightly contaminated with residual magic.
Nothing appears to happen.
The ooze barely misses you.
Unknown command.
Your magical contamination has completely faded away.
You conjure some foxfire!
The ooze hits you.
* * * LOW HITPOINT WARNING * * *
The foxfire hits the ooze. x2
You kill the ooze!
Unknown command.
You start resting.
Found a sapphire potion.
d - a sapphire potion A gnoll comes into view.
It is wielding a +0 spear.
The gnoll shouts!
You conjure some foxfire!
The gnoll hits you from afar with a +0 spear.
The foxfire hits the gnoll.
The foxfire hits the gnoll but does no damage.
The gnoll barely misses you.
You conjure some foxfire!
The gnoll hits you from afar with a +0 spear!
Ouch! That really hurt!
You die...

### ..# #g#
###v# #.v@#
#########
#.###
........# #.#
#######.###.#
#...........#
#.###.#.#####
####.# #.#.#
...#.# #...#
.#.#.# #####


You could see a gnoll.

Vanquished Creatures
  An ooze (D:1)
1 creature vanquished.

Vanquished Creatures (others)
  7 foxfires (D:1)
7 creatures vanquished.

Grand Total: 8 creatures vanquished

Notes
Turn   | Place    | Note
-------+----------+-------------------------------------------
     0 | D:1      | Apogee the Tengu Fire Elementalist began the quest for the
                  | Orb.
     0 | D:1      | Reached XP level 1. HP: 10/10 MP: 4/4
   304 | D:1      | Slain by a gnoll

Illustrated notes

Levels and vault maps discovered:
D:1:      kennysheep_arrival_forest, layout_basic

Action                   || total
-------------------------++-------
Melee: Unarmed           ||     1
 Cast: Foxfire           ||     7
Dodge: Dodged            ||     3

Table legend: (Time is in decaauts)
 A = Elapsed time spent in this place.
 B = Non-inter-level travel time spent in this place.
 C = Inter-level travel time spent in this place.
 D = Time resting spent in this place.
 E = Time spent auto-exploring this place.
 F = Levels seen in this place.
 G = Mean time per level.
                   A        B        C        D        E       F      G
               +--------+--------+--------+--------+--------+-----+--------+
         Total |    304 |    304 |      0 |     40 |    229 |   1 |  304.0 |
       Dungeon |    304 |    304 |      0 |     40 |    229 |   1 |  304.0 |
               +--------+--------+--------+--------+--------+-----+--------+

Top non-repeatable levels by time:
     D:1: 304 daAuts
